 Dungeon Crawl Stone Soup version 0.30-a0-847-g17996783a1 (webtiles) character file.

Game seed: 10879419467466491472

11 holysushi the Cutter (level 2, 24/24 HPs)
             Began as a Demonspawn Monk on Mar 3, 2023.
             Was a Believer of Trog.
             Quit the game on level 1 of the Dungeon.
             The game lasted 00:00:30 (493 turns).

holysushi the Cutter (Demonspawn Monk)               Turns: 493, Time: 00:00:31

Health: 24/24      AC:  2    Str: 11    XL:     2   Next: 17%
Magic:  2/2        EV: 12    Int: 11    God:    Trog [**....]
Gold:   80         SH:  0    Dex: 15    Spells: 1/1 levels left

rFire   . . .      SeeInvis .    a - +0 short sword
rCold   . . .      Faith    .    (no shield)
rNeg    . . .      Spirit   +    b - +0 robe
rPois   .          Reflect  .    (no helmet)
rElec   .          Rampage  .    (no cloak)
rCorr   .                        (no gloves)
Will    .....                    (no boots)
Stlth   ++                       i - amulet of guardian spirit
HPRegen 0.24/turn                (no ring)
MPRegen 0.08/turn                (no ring)

@: no status effects
A: demonic guardian 1
a: Renounce Religion, Berserk, Trog's Hand


You were on level 1 of the Dungeon.
You worshipped Trog.
Trog was pleased with you.
You visited 1 branch of the dungeon, and saw 1 of its levels.

You collected 80 gold pieces.

Inventory:

Hand Weapons
 a - a +0 short sword (weapon)
Armour
 b - a +0 robe (worn)
Jewellery
 i - an amulet of guardian spirit (around neck)
Scrolls
 d - a scroll of blinking {unknown}
 g - 2 scrolls of identify {unknown}
 h - a scroll of amnesia {unknown}
Potions
 c - a potion of ambrosia
 e - a potion of attraction {unknown}
 f - 2 potions of resistance {unknown}


   Skills:
 - Level 3.0 Fighting
 + Level 3.3 Short Blades
 - Level 2.6 Dodging
 - Level 1.7 Stealth


You had one spell level left.
You didn't know any spells.
Your spell library was empty.

Dungeon Overview and Level Annotations

Branches:
Dungeon (1/15) Zot: 5511

Altars:
Trog


Innate Abilities, Weirdness & Mutations

A weak demonic guardian rushes to your aid.


Message History

No target in view!
There is a stone staircase leading down here.
A rat comes into view.
A rat is nearby!
You barely miss the rat. The rat bites you.
A rat is nearby!
You hit the rat.
The rat is severely wounded.
The rat bites you.
A rat is nearby!
You hit the rat.
You kill the rat!
You see here a rat corpse.
You see here 3 poisoned darts.
You see here a rat skeleton.
A bat comes into view.
A bat is nearby!
The bat barely misses you. The bat misses you.
You hit the bat.
The bat is heavily wounded.
The bat barely misses you. The bat completely misses you.
A bat is nearby!
You hit the bat but do no damage.
The bat is heavily wounded.
The bat hits you.
A bat is nearby!
The bat hits you.
A demonic guardian appears!
A bat is nearby!
You hit the bat.
You kill the bat!
No target in view!
No target in view!
There is a faded altar of an unknown god here.
This altar belongs to (a) Trog, (b) Okawaru or (c) Gozag, but you can't tell which.
Press the corresponding letter to learn more about a god, or press enter to convert or escape to cancel.
Trog accepts your prayer! Trog welcomes you!
You can now go berserk at will.
You can now call upon Trog for regeneration and willpower.
Are you sure you want to abandon this character and quit the game? (Confirm with "yes".)

.....#.#.#.# #....# ####.##....#
### #....# (##...##.#.###.###...#
....#...........##...#
)##...####.###..#...### .##.###
#.# #.##...#.# .##.# #.#
#.#....#.# .##.# #.# #.#5.....#
.##.# ###.###.#@.....# .##.#
#...##(.#......##
.##.####.####..#.......#####
.##............##..........######
.#######.##†....#....#...(......#
.# ###.##.....##.÷.#..##.####.#
.#####.).##......#...#####.# #†#
.........##......##...# #.# #.#
.#####...##......##...## #.# #.#


You could see a friendly shadow imp (summoned).

Vanquished Creatures
  A ball python (D:1)
  A bat (D:1)
  2 endoplasms (D:1)
  A giant cockroach (D:1)
  A hobgoblin (D:1)
  5 rats (D:1)
11 creatures vanquished.

Notes
Turn   | Place    | Note
-------+----------+-------------------------------------------
     0 | D:1      | holysushi the Demonspawn Monk began the quest for the Orb.
     0 | D:1      | Reached XP level 1. HP: 18/18 MP: 1/1
   210 | D:1      | Found a faded altar of an unknown god.
   372 | D:1      | Gained mutation: A weak demonic guardian rushes to your
                  | aid. [demonic ancestry]
   372 | D:1      | Reached XP level 2. HP: 24/24 MP: 2/2
   492 | D:1      | Prayed at the altar of an unknown god.
   492 | D:1      | Became a worshipper of Trog the Wrathful
   492 | D:1      | Reached * piety under Trog
   492 | D:1      | Reached ** piety under Trog
   493 | D:1      | Quit the game

Illustrated notes

Levels and vault maps discovered:
D:1:      wander_arrival_estate, layout_loops_ring,
          hellmonk_ecumenical_altar_zigzags

Skill      XL: |  1 |
---------------+----+-----
Short Blades   | 3 |  3.3
Fighting       | |  3.0
Dodging        | |  2.6
Stealth        | |  1.7

Action                     || total
---------------------------++-------
  Melee: Short sword       ||    31
   Stab: Sleeping          ||     2
 Armour: Robe              ||     2
  Dodge: Dodged            ||    22

Table legend: (Time is in decaauts)
 A = Elapsed time spent in this place.
 B = Non-inter-level travel time spent in this place.
 C = Inter-level travel time spent in this place.
 D = Time resting spent in this place.
 E = Time spent auto-exploring this place.
 F = Levels seen in this place.
 G = Mean time per level.
                   A        B        C        D        E       F      G
               +--------+--------+--------+--------+--------+-----+--------+
         Total |    488 |    488 |      0 |      0 |    379 |   1 |  488.0 |
       Dungeon |    488 |    488 |      0 |      0 |    379 |   1 |  488.0 |
               +--------+--------+--------+--------+--------+-----+--------+

Top non-repeatable levels by time:
     D:1: 488 daAuts
